 Dungeon Crawl Stone Soup version 0.26.1-11-gd32895ea62 (webtiles) character file.

Game seed: 9906445397588174910

40377 metroholografix the Bludgeoner (level 14, -5/114 HPs)
             Began as a Gargoyle Berserker on May 10, 2021.
             Was a High Priest of Trog.
             Slain by a death yak (7 damage)
             ... on level 3 of the Lair of Beasts.
             The game lasted 00:55:38 (22960 turns).

metroholografix the Bludgeoner (GrBe)              Turns: 22960, Time: 00:55:40

Health: -5/114     AC: 26    Str: 25    XL:     14   Next: 10%
Magic:  14/14      EV:  9    Int:  8    God:    Trog [*****.]
Gold:   904        SH: 16    Dex: 16    Spells: 13/13 levels left

rFire    . . .     SeeInvis .   a - +9 morningstar of Untimely Demise {freeze, +Fly Str+3 Dex+3}
rCold    . . .     Faith    .   F - +0 tower shield
rNeg     + . .     Spirit   .   E - +0 plate armour
rPois    ∞         Reflect  .   e - +0 helmet
rElec    +         Harm     .   (no cloak)
rCorr    .         Rampage  .   L - +0 pair of gloves
Will     +....                  O - +0 pair of boots
Stlth    ..........             x - amulet of Vitality {Regen+ HP+15}
HPRegen  0.69/turn              v - +4 ring of slaying
MPRegen  0.14/turn              M - +4 ring of evasion

@: about to teleport, berserk cooldown, slowed, very slow
A: big wings, hooves 1, molten scales 1, negative energy resistance 1,
electricity resistance, unbreathing, petrification resistance, miasma immunity,
AC +10
a: Fly, Renounce Religion, Berserk, Trog's Hand, Brothers in Arms


You were on level 3 of the Lair of Beasts.
You worshipped Trog.
Trog was extremely pleased with you.
You visited 2 branches of the dungeon, and saw 16 of its levels.
You also visited: Ossuary.

You collected 1057 gold pieces.
You spent 153 gold pieces at shops.

Inventory:

Hand Weapons
 a - the +9 morningstar of Untimely Demise (weapon) {freeze, +Fly Str+3 Dex+3}
   (You found it on level 7 of the Dungeon)

   It has been specially enchanted to freeze those struck by it, causing extra
   injury to most foes and up to half again as much damage against particularly
   susceptible opponents.
   It can also slow down cold-blooded creatures.
   It affects your strength (+3).
   It affects your dexterity (+3).
   It lets you fly.
 b - a +6 great mace of flaming
Armour
 e - a +0 helmet (worn)
 E - a +0 plate armour (worn)
 F - a +0 tower shield (worn)
 L - a +0 pair of gloves (worn)
 O - a +0 pair of boots (worn)
Jewellery
 v - a +4 ring of slaying (left hand)
 x - the amulet of Vitality (around neck) {Regen+ HP+15}
   (You found it on level 5 of the Dungeon)

   [amulet of regeneration]

   It affects your health (+15).
   It increases your rate of regeneration.
 I - a cursed ring of ice {unknown}
 M - a +4 ring of evasion (right hand)
 N - an uncursed amulet of regeneration {unknown}
 Q - an uncursed amulet of magic regeneration {unknown}
Wands
 m - a wand of enslavement (14)
 p - a wand of iceblast (16)
 u - a wand of acid (21)
 w - a wand of disintegration (20)
 y - a wand of digging (6)
 C - a wand of paralysis (5)
 D - a wand of polymorph (6)
 P - a wand of flame (24)
Scrolls
 f - 3 scrolls of enchant armour
 h - 3 scrolls of magic mapping
 k - a scroll of immolation
 l - 7 scrolls of fear
 n - 4 scrolls of teleportation
 o - 3 scrolls of remove curse
 r - 2 scrolls of enchant weapon
 t - 2 scrolls of identify
 A - a scroll of fog {unknown}
 G - a scroll of silence
 H - 3 scrolls of summoning
 K - a scroll of blinking {unknown}
Potions
 c - 2 potions of mutation
 d - a potion of lignification
 g - 4 potions of curing
 i - 3 potions of berserk rage
 j - 4 potions of attraction
 q - 3 potions of heal wounds
 s - 2 potions of flight
 z - a potion of might
 B - a potion of brilliance
 J - a potion of resistance


   Skills:
 + Level 15.8 Fighting
 - Level 16.0 Maces & Flails
 - Level 2.1 Armour
 + Level 4.0 Dodging
 + Level 4.7 Shields
 + Level 4.0 Evocations


You had 13 spell levels left.
You didn't know any spells.
Your spell library was empty.

Dungeon Overview and Level Annotations

Branches:
Dungeon (13/15)            Temple (0/1) D:4            Lair (3/6) D:11
  Swamp (0/4) Lair:3        Snake (0/4) Lair:3          Orc (0/2) D:11
Ossuary (visited)
 Vaults: D:13-14

Altars:
Ashenzari
Elyvilon
Okawaru
Qazlal
Sif Muna
Uskayaw
Vehumet
Xom
Zin

Shops:
D:6 (   D:9 (

Portals:
Trove: D:13 (give 8 potions of haste)

Annotations:
D:10 2 exclusions
Lair:3 1 transporter, 3t5h's ghost, journeyman DrTm


Innate Abilities, Weirdness & Mutations

You are resistant to torment.
Your stone body is resilient. (AC +10)
You are immune to poison.
Your large and strong wings let you fly indefinitely.
You resist negative energy. (rN+)
You are resistant to electric shocks. (rElec)
You can survive without breathing.
You are immune to petrification.
You are immune to miasma.
You have large cloven feet.
You are partially covered in molten scales. (AC +2)


Message History

You thump the death yak! You freeze the death yak.
You kill the death yak!
Trog accepts your kill. You block the death yak's attack.
The death yak gores you but does no damage.
Your Dodging skill increases to level 4!
Your Evocations skill increases to level 4!
You feel a strong urge to attack something.
You beat the death yak like a drum!!!
You freeze the death yak!
The death yak is severely wounded.
You are no longer berserk.
You are exhausted.
You feel yourself slow down.
As you read the scroll of teleportation, it crumbles to dust.
You feel strangely unstable. The death yak gores you!
* * * LOW HITPOINT WARNING * * *
You block the death yak's attack.
The death yak gores you but does no damage.
The death yak gores you!
You die...

.....................
.....................<..
#.....<....#.###.P.......
#...........## #.........
...........P# #..P......
..........#####.........
..........##............
###.......#..........#.
#.#...@...#............
#....YYY..#...........#
##..................###
#....†.....##.........#
#.........#..#........#
#............#.#####..#....
#..............# #...###
...............# #.#..##.
...............#######.###.


You could see 3 death yaks.

Vanquished Creatures
  Frances (D:12)
  A hydra (Lair:1)
  2 boulder beetles (Lair:3)
  Erica (D:9)
  A catoblepas (Lair:2)
  2 death yaks (Lair:3)
  Nergalle (Lair:3)
  An unseen horror (D:11)
  A deep elf mage (D:12)
  3 oklob plants
  A gargoyle (D:10)
  Joseph (D:8)
  A black mamba (Lair:2)
  A cane toad (Lair:3)
  3 centaur zombies
  A rime drake (Lair:2)
  6 komodo dragons
  Maggie (D:7)
  3 trolls
  2 tengu conjurers (D:13)
  A polar bear (Lair:1)
  3 meliai (D:13)
  5 slime creatures (D:10)
  5 blink frogs (Lair:3)
  A centaur simulacrum (D:10)
  A vampire (D:11)
  2 wraiths (D:11)
  2 wyverns
  Grum (D:10)
  28 yaks
  2 basilisks (Lair:1)
  9 water moccasins
  2 swamp worms (Lair:3)
  3 nagas (Lair:3)
  6 orc warriors
  2 ice beasts
  3 sky beasts
  A phantom (D:11)
  14 wolves
  5 ogres
  7 centaurs
  3 big kobolds
  8 bullfrogs
  2 scorpions
  3 killer bees (D:12)
  12 wights
  2 howler monkeys
  A quasit (D:12)
  9 jellies
  9 hounds
  A human zombie (Ossuary)
  8 orc priests
  A centaur skeleton (D:4)
  5 bullfrog skeletons
  3 iguanas
  Ijyb (D:4)
  17 orc wizards
  11 worker ants
  A hound skeleton (D:9)
  A mummy (D:4)
  A howler monkey skeleton (D:4)
  5 gnolls
  14 adders
  A shadow imp (D:7)
  2 white imps
  2 ufetubi
  An ooze (D:5)
  An adder zombie (D:7)
  2 adder skeletons
  3 worms
  8 leopard geckos
  44 orcs
  2 ball pythons (D:3)
  11 giant cockroaches
  6 hobgoblins
  12 jackals
  A quokka (D:4)
  7 bats
  6 frilled lizards
  17 goblins
  A goblin zombie (Ossuary)
  A jackal zombie (Ossuary)
  22 kobolds
  A kobold zombie (Ossuary)
  9 rats
  A plant (D:11)
416 creatures vanquished.

Vanquished Creatures (others)
  2 fungi (Lair:3)
  17 plants
19 creatures vanquished.

Grand Total: 435 creatures vanquished

Notes
Turn   | Place    | Note
-------+----------+-------------------------------------------
     0 | D:1      | metroholografix the Gargoyle Berserker began the quest for
                  | the Orb.
     0 | D:1      | Reached XP level 1. HP: 14/14 MP: 1/1
   456 | D:1      | Reached XP level 2. HP: 19/19 MP: 2/2
   766 | D:1      | Reached XP level 3. HP: 23/24 MP: 3/3
  1635 | D:2      | Reached skill level 4 in Maces & Flails
  1635 | D:2      | Reached XP level 4. HP: 30/30 MP: 4/4
  1693 | D:2      | Reached ** piety under Trog
  2248 | D:3      | Reached XP level 5. HP: 31/34 MP: 5/5
  2546 | D:3      | Reached skill level 5 in Fighting
  3010 | D:3      | You fall into a shaft and drop 3 floors!
  3021 | D:5      | Entered Level 5 of the Dungeon
  3035 | D:5      | Reached skill level 5 in Maces & Flails
  3035 | D:5      | Reached XP level 6. HP: 36/40 MP: 6/6
  3103 | D:5      | Found the amulet of Vitality {Regen+ HP+15}
  3170 | D:4      | Found a sand-covered staircase.
  3213 | Ossuary  | Entered an ossuary
  3636 | D:4      | Found a staircase to the Ecumenical Temple.
  3642 | D:4      | Reached *** piety under Trog
  3730 | D:4      | Reached XP level 7. HP: 47/47 MP: 7/7
  3757 | D:4      | Found a shimmering blue altar of Sif Muna.
  3758 | D:4      | Found a broken altar of Ashenzari.
  3759 | D:4      | Found a stormy altar of Qazlal.
  3784 | D:4      | Reached skill level 6 in Maces & Flails
  4142 | D:4      | Noticed Ijyb
  4151 | D:4      | Killed Ijyb
  4825 | D:5      | Found a hide-covered altar of Uskayaw.
  4940 | D:5      | Reached skill level 7 in Maces & Flails
  4940 | D:5      | Reached XP level 8. HP: 24/54 MP: 8/8
  5371 | D:6      | Found a shimmering altar of Xom.
  5536 | D:6      | Found a shimmering altar of Xom.
  5536 | D:6      | Found a shimmering altar of Xom.
  5539 | D:6      | Found a shimmering altar of Xom.
  5558 | D:6      | Found a shimmering altar of Xom.
  5558 | D:6      | Found a shimmering altar of Xom.
  5578 | D:6      | Found a shimmering altar of Xom.
  5699 | D:6      | Found a white marble altar of Elyvilon.
  6081 | D:6      | Reached **** piety under Trog
  6264 | D:6      | Found Icuevo's Antique Weapon Shoppe.
  6299 | D:6      | Bought a shimmering morningstar for 153 gold pieces
  6299 | D:6      | Identified the +4 morningstar "Fuxoinof" {freeze, Int+4}
                  | (You bought it in a shop on level 6 of the Dungeon)
  6681 | D:7      | Got an ivory morningstar
  6682 | D:7      | Identified the +9 morningstar of Untimely Demise {freeze,
                  | +Fly Str+3 Dex+3} (You found it on level 7 of the Dungeon)
  6833 | D:7      | Reached skill level 8 in Maces & Flails
  6918 | D:7      | Reached XP level 9. HP: 60/60 MP: 9/9
  7300 | D:7      | Noticed Maggie
  7310 | D:7      | Killed Maggie
  7311 | D:7      | Reached skill level 9 in Maces & Flails
  7719 | D:8      | Reached skill level 10 in Fighting
  7987 | D:8      | Noticed Joseph
  7995 | D:8      | Killed Joseph
  8347 | D:8      | Found a radiant altar of Vehumet.
  8670 | D:8      | Found a glowing silver altar of Zin.
  8680 | D:8      | Reached skill level 10 in Maces & Flails
  9026 | D:9      | Reached XP level 10. HP: 69/69 MP: 10/10
  9044 | D:9      | Found a stormy altar of Qazlal.
  9398 | D:9      | Found an iron altar of Okawaru.
  9493 | D:9      | Found Derreri's Weapon Emporium.
  9755 | D:9      | Reached skill level 11 in Maces & Flails
 10034 | D:9      | Noticed Erica
 10045 | D:9      | Killed Erica
 10171 | D:10     | Entered Level 10 of the Dungeon
 10372 | D:10     | Reached XP level 11. HP: 76/76 MP: 11/11
 10465 | D:10     | Noticed Grum
 10478 | D:10     | Killed Grum
 10487 | D:10     | Reached skill level 12 in Maces & Flails
 10623 | D:10     | Reached ***** piety under Trog
 11346 | D:10     | Received a gift from Trog
 11637 | D:10     | Found a shimmering blue altar of Sif Muna.
 11800 | D:11     | Found a broken altar of Ashenzari.
 11898 | D:11     | Reached skill level 13 in Maces & Flails
 11944 | D:11     | Killed an unseen horror
 12125 | D:11     | Noticed an oklob plant
 12127 | D:11     | Found a staircase to the Lair.
 12336 | D:11     | Found a staircase to the Orcish Mines.
 12472 | D:11     | Killed an oklob plant
 12473 | D:11     | Reached XP level 12. HP: 86/86 MP: 12/12
 12623 | D:11     | Gained mutation: You have large cloven feet. [potion of
                  | mutation]
 12623 | D:11     | Gained mutation: You are partially covered in molten
                  | scales. (AC +2) [potion of mutation]
 18080 | D:11     | Reached skill level 15 in Maces & Flails
 18080 | D:11     | Reached XP level 13. HP: 91/91 MP: 13/13
 18880 | D:12     | Noticed Frances
 18902 | D:12     | Killed Frances
 19650 | D:13     | Reached skill level 15 in Fighting
 19840 | D:13     | Found a portal to a secret trove of treasure.
 20187 | Lair:1   | Entered Level 1 of the Lair of Beasts
 20423 | Lair:1   | Reached skill level 1 in Shields
 20433 | Lair:1   | Reached skill level 1 in Evocations
 21226 | Lair:1   | Reached skill level 16 in Maces & Flails
 21735 | Lair:2   | Received a gift from Trog
 22282 | Lair:3   | Found a staircase to the Swamp.
 22403 | Lair:3   | Noticed Nergalle
 22417 | Lair:3   | Killed Nergalle
 22614 | Lair:3   | Found a staircase to the Snake Pit.
 22682 | Lair:3   | Noticed 3t5h's ghost (journeyman DrTm)
 22708 | Lair:3   | Gained mutation: Your large and strong wings let you fly
                  | indefinitely. [Gargoyle growth]
 22708 | Lair:3   | Reached XP level 14. HP: 99/99 MP: 14/14
 22708 | Lair:3   | Found a transporter.
 22960 | Lair:3   | HP: 2/114 [death yak (16)]
 22960 | Lair:3   | Slain by a death yak

Illustrated notes

Levels and vault maps discovered:
D:1:      heliophobic_arrival_battle_scene, layout_loops_ring,
          minmay_close_crescents
D:2:      layout_rooms, serial_curves, eino_curves_01, eino_curves_04
D:3:      layout_loops_ring, minmay_box_of_dots
D:4:      kennysheep_goblin_castle, layout_basic,
          chequers_temple_overflow_statue_of_worship, temple_green,
          gup_ossuary_entry_pyramid
D:5:      layout_cave_pools, basic_altar, minmay_manual_moon
D:6:      layout_layer_cave, nicolae_xom_altar_mimics, basic_altar,
          serial_shops, nicolae_shop_behind_doors, minmay_misc_feat_chi
D:7:      layout_basic, kennysheep_generic_room_9, uniq_maggie
D:8:      layout_basic, old_standard_altar, overflow_temple_1_default,
          minivault_26, uniq_joseph
D:9:      layout_long_grid, okawaru_ov_weapons_minmay, basic_altar,
          serial_shops, shop, uniq_erica
D:10:     layout_loops_ring, tgw_sif, uniq_grum
D:11:     layout_rooms, dpeg_oklobed_lair, david_orc_2, evilmike_ruin_ashenzari
D:12:     layout_stronghold, uniq_frances
D:13:     layout_gridville, nicolae_trove_entry_crystal
Lair:1:   layout_loops_ring, chequers_serial_rivers_room_a,
          infiniplex_staircase_pool, minmay_lair_oklob_chamber,
          grunt_megastairs_3
Lair:2:   layout_regular_city
Lair:3:   layout_cave_shapes, minmay_swamp_entry_worms,
          minmay_snake_entry_guardpost_small, gammafunk_ghost_abyssal_escape,
          lemuel_fruit_fields, uniq_nergalle

Skill      XL: |  1  2  3  4  5  6  7  8  9 10 11 12 13 14 |
---------------+-------------------------------------------+-----
Fighting       | 4 5 6 7 9 11 12 14 15 | 15.8
Maces & Flails | 4 5 7 8 10 11 13 15 16 | 16.0
Shields        | 4 |  4.7
Evocations     | 3 4 |  4.0
Dodging        | 3 4 |  4.0
Armour         | |  2.1

Action                   |  1- 3 |  4- 6 |  7- 9 | 10-12 | 13-15 || total
-------------------------+-------+-------+-------+-------+-------++-------
Melee: Mace              |   112 |   193 |   134 |       |       ||   439
       Morningstar       |       |       |    93 |   310 |   343 ||   746
Invok: Berserk           |     1 |     3 |     3 |     5 |     6 ||    18
       Trog's Hand       |       |     1 |     3 |     3 |     2 ||     9
 Abil: Evoke Flight      |       |       |       |       |     1 ||     1
  Use: Scroll            |     4 |     4 |       |     8 |     2 ||    18
       Potion            |       |       |       |    11 |       ||    11
Armor: Chain mail        |    61 |       |       |       |       ||    61
       Animal skin       |     1 |       |       |       |       ||     1
       Plate armour      |    44 |   259 |   212 |   256 |   169 ||   940
       Ring mail         |     1 |       |       |       |       ||     1
Dodge: Dodged            |    67 |   101 |   116 |   157 |    98 ||   539
Block: Tower shield      |       |       |       |       |   158 ||   158
